 Dungeon Crawl Stone Soup version 0.23-b1 (console) character file.

Game seed: 17995673046495402551

30599 erker the Fencer (level 13, -3/118 HPs)
             Began as a Minotaur Gladiator on Jan 30, 2019.
             Was the Champion of Cheibriados.
             Slain by a dire elephant (29 damage)
             ... on level 6 of the Lair of Beasts.
             The game lasted 00:49:17 (12820 turns).

erker the Fencer (Minotaur Gladiator)              Turns: 12820, Time: 00:49:17

Health: -3/118     AC:  9    Str: 37    XL:     13   Next: 21%
Magic:  13/13      EV: 27    Int: 23    God:    Cheibriados [******]
Gold:   971        SH:  2    Dex: 35    Spells: 12/12 levels left

rFire    + . .     SeeInvis .   a - +2 scimitar
rCold    x . .     Gourm    .   (no shield)
rNeg     . . .     Faith    .   k - +0 ring mail
rPois    +         Spirit   .   c - +1 hat
rElec    .         Reflect  +   y - +0 cloak
rCorr    .         Harm     .   (no gloves)
MR       +....     Clarity  +   (no boots)
Stlth    ++++......             W - +2 amulet of reflection
HPRegen  0.29/turn              L - ring "Asoere" {Fire rPois MR+}
MPRegen  0.13/turn              M - ring "Adetefog" {Int+3 Dex+6}

@: very slow
A: retaliatory headbutt, horns 2, blurry vision 1, clarity, high mp 1, poison
resistance
a: Bend Time, Temporal Distortion, Slouch, Step From Time, Renounce Religion


You were on level 6 of the Lair of Beasts.
You worshipped Cheibriados.
Cheibriados was exalted by your worship.
You were hungry.

You visited 3 branches of the dungeon, and saw 16 of its levels.
You also visited: Sewer.

You collected 971 gold pieces.

Inventory:

Hand Weapons
 a - a +2 scimitar (weapon)
 t - a +0 long sword of slicing
 A - a +2 rapier of electrocution
 P - a +1 shortbow of freezing
Missiles
 d - 3 throwing nets
 e - 160 arrows
 v - 10 curare-tipped needles
 K - 85 bolts
 X - 2 javelins of returning (quivered)
Armour
 c - a +1 hat (worn)
 h - a +0 pair of gloves
 i - a +0 pair of boots of running
 k - a +0 ring mail (worn)
 y - a +0 cloak (worn)
Jewellery
 b - an uncursed ring of protection from cold {unknown}
 g - a cursed ring of teleportation {unknown}
 j - an uncursed ring of positive energy
 l - an uncursed ring of protection from magic
 m - an uncursed ring of protection from magic
 J - a cursed -5 ring of dexterity {unknown}
 L - the ring "Asoere" (left hand) {Fire rPois MR+}
   (You found it on level 6 of the Lair of Beasts)

   [ring of fire]

   It enhances your fire magic.
   It protects you from fire.
   It makes you vulnerable to cold.
   It protects you from poison.
   It affects your resistance to hostile enchantments.
 M - the ring "Adetefog" (right hand) {Int+3 Dex+6}
   (You found it on level 8 of the Dungeon)

   [ring of dexterity]

   It affects your intelligence (+3).
   It affects your dexterity (+6).
 R - an uncursed amulet of the acrobat
 W - a +2 amulet of reflection (around neck)
Wands
 T - a wand of flame (6)
Scrolls
 n - 4 scrolls of identify
 o - a scroll of summoning {unknown}
 x - 5 scrolls of fog
 C - a scroll of teleportation {unknown}
 D - 3 scrolls of noise {unknown}
 E - 3 scrolls of enchant weapon {unknown}
 F - 4 scrolls of enchant armour
 N - 6 scrolls of magic mapping {unknown}
 S - 2 scrolls of remove curse
 V - a scroll of acquirement {unknown}
 Y - a scroll of fear
 Z - a scroll of holy word {unknown}
Potions
 q - 5 potions of curing
 r - a potion of cancellation
 s - a potion of flight
 u - a potion of invisibility
 w - 6 potions of lignification
 z - 5 potions of heal wounds
 B - 2 potions of brilliance
 G - 2 potions of haste
 H - 2 potions of magic
 I - a potion of berserk rage
 O - a potion of might
 Q - a potion of agility
Miscellaneous
 p - a lightning rod (4/4)
 U - a lightning rod (4/4)
Comestibles
 f - 29 rations


   Skills:
 + Level 12.1 Fighting
 + Level 15.6 Long Blades
 - Level 2.0 Throwing
 + Level 10.0 Armour
 * Level 12.4 Dodging
 + Level 5.7 Stealth


You had 12 spell levels left.
You didn't know any spells.
Your spell library contained the following spells:

 Spells                   Type           Power        Failure   Level  Hunger
 Confusing Touch          Hex            #.....       21%         1    ##.....
 Corona                   Hex            #......      21%         1    ##.....
 Magic Dart               Conj           #...         21%         1    ##.....
 Ensorcelled Hibernation  Hex/Ice        #.....       30%         2    ###....
 Searing Ray              Conj           #.....       30%         2    ###....
 Confuse                  Hex            #.......     52%         3    ####...
 Dazzling Spray           Conj/Hex       #.....       52%         3    ####...
 Gell's Gravitas          Tloc           #.........   52%         3    ####...
 Tukima's Dance           Hex            #.......     52%         3    ####...
 Force Lance              Conj/Tloc      #.......     89%         4    #####..
 Fulminant Prism          Conj/Hex       #.........   89%         4    #####..
 Iskenderun's Mystic Bla  Conj           #.......     89%         4    #####..
 Petrify                  Tmut/Erth      #.......     89%         4    #####..
 Metabolic Englaciation   Hex/Ice        #.........   99%         5    ######.
 Yara's Violent Unravell  Hex/Tmut       #.........   99%         5    ######.


Dungeon Overview and Level Annotations

Branches:
Dungeon (11/15)            Temple (1/1) D:5            Lair (6/6) D:11
  Swamp (0/4) Lair:2        Snake (0/4) Lair:2          Orc (0/2) D:9
  Slime: Lair:5-6

Altars:
Ashenzari
Cheibriados
Dithmenos
Elyvilon
Fedhas
Gozag
Hepliaklqana
Kikubaaqudgha
Makhleb
Nemelex Xobeh
Okawaru
Qazlal
Ru
Sif Muna
Trog
Uskayaw
Vehumet
Wu Jian
Xom
Yredelemnul
Zin
The Shining One

Shops:
D:10 %

Annotations:
D:4 1 exclusion
D:5 2 runed translucent doors, Nelgraf's ghost, novice MiFi
Lair:3 1 runed translucent door, Huasawuy's ghost, journeyman TrWz


Innate Abilities, Weirdness & Mutations

You reflexively headbutt those who attack you in melee.
You have a pair of horns on your head.
Scrolls take you a little longer to read.
You possess an exceptional clarity of mind.
You have an increased reservoir of magic. (+10% MP)
Your system is resistant to poisons. (rPois)


Message History

The dire elephant tramples you!!
* * * LOW HITPOINT WARNING * * *
You stumble backwards!
You feel much better. The dire elephant tramples you.
* * * LOW HITPOINT WARNING * * *
You hold your ground!
The dire elephant completely misses you.
You hit the dire elephant.
You headbutt the dire elephant, but do no damage.
The dire elephant is severely wounded.
The dire elephant barely misses you. You furiously retaliate!
You headbutt the dire elephant.
The dire elephant completely misses you.
You hit the dire elephant but do no damage.
You headbutt the dire elephant, but do no damage.
The dire elephant is severely wounded.
The dire elephant completely misses you.
The dire elephant closely misses you. The dire elephant tramples you!!
You die...

..P##..........######..'....#
...............♣# #...8#...##
................♣ #.####..P.#
................♣##.#..'...##
................##..#P.'.###
................##.##..###
...............###.#...#
.PP...#.......♣#...#8.8#
...#..#.......##@####'##
P#...##.......#.Y#≈...##
PP............#.##≈≈≈..#
P.....#.......#.#≈≈≈≈≈≈#
..##..#.......#.#.≈≈≈≈≈#
..#.####......#.##.≈≈≈##
.#.#.##.......#.####''##
..............#.8##....#
..............'...#....#


You could see a dire elephant.

Vanquished Creatures
  2 dire elephants (Lair:6)
  Fannar (D:10)
  3 hydras
  An anaconda (Lair:6)
  A two-headed ogre (D:9)
  A tengu warrior (D:11)
  Nergalle (D:11)
  7 elephants (Lair:6)
  6 spiny frogs
  3 black mambas
  A torpor snail (Lair:2)
  3 komodo dragons
  2 trolls
  A hornet (D:9)
  13 blink frogs
  Grinder (D:3)
  9 hippogriffs
  A wyvern (D:10)
  2 wraiths (D:11)
  24 yaks
  Eustachio (D:4)
  Grum (D:10)
  A hungry ghost (D:9)
  Menkaure (D:4)
  8 water moccasins
  4 nagas (Lair:2)
  5 orc warriors
  4 porcupines
  3 ice beasts
  A black bear (D:6)
  3 ogres
  2 phantoms (D:9)
  A sky beast (D:5)
  A necrophage (D:10)
  6 wolves
  3 centaurs
  A big kobold (D:7)
  4 crocodiles
  11 bullfrogs
  2 troll zombies (D:9)
  7 scorpions
  5 killer bees (D:11)
  10 wights
  4 howler monkeys
  A crimson imp (D:10)
  A bullfrog zombie (D:11)
  4 hounds
  6 jellies
  9 orc priests
  3 centaur skeletons
  14 orc wizards
  6 worker ants
  2 iguanas
  A killer bee zombie (D:9)
  6 ogre zombies (D:9)
  A hound zombie (D:6)
  A hound skeleton (D:9)
  2 howler monkey zombies
  A worker ant zombie (D:11)
  11 adders
  3 gnolls (D:2)
  A howler monkey skeleton (D:4)
  3 shadow imps
  3 oozes
  An adder skeleton (D:10)
  2 dart slugs (D:1)
  8 leopard geckos
  36 orcs
  7 ball pythons
  11 bats
  12 giant cockroaches
  7 goblins
  3 hobgoblins
  6 jackals
  9 kobolds
  5 quokkas
  12 frilled lizards
  4 goblin skeletons (D:9)
  4 hobgoblin zombies (D:9)
  A jackal skeleton (D:5)
  A leopard gecko skeleton (D:6)
  7 orc skeletons (D:9)
  10 orc zombies (D:9)
  6 rats
  5 plants (Lair:6)
408 creatures vanquished.

Vanquished Creatures (others)
  9 fungi
  12 plants
21 creatures vanquished.

Grand Total: 429 creatures vanquished

Notes
Turn   | Place    | Note
-------+----------+-------------------------------------------
     0 | D:1      | erker the Minotaur Gladiator began the quest for the Orb.
     0 | D:1      | Reached XP level 1. HP: 18/18 MP: 0/0
   304 | D:1      | Reached XP level 2. HP: 14/25 MP: 1/1
   641 | D:1      | Reached skill level 4 in Long Blades
   684 | D:1      | Reached XP level 3. HP: 26/30 MP: 2/2
  1108 | D:2      | Reached skill level 1 in Armour
  1132 | D:2      | Found a sparkling altar of Nemelex Xobeh.
  1242 | D:2      | Reached XP level 4. HP: 24/37 MP: 3/3
  1518 | D:2      | Found an ornate altar of the Wu Jian Council.
  2298 | D:3      | Reached XP level 5. HP: 45/45 MP: 4/4
  2406 | D:3      | Noticed Grinder
  2423 | D:3      | Killed Grinder
  2423 | D:3      | Reached skill level 5 in Long Blades
  2423 | D:3      | Reached skill level 5 in Dodging
  2423 | D:3      | Reached XP level 6. HP: 20/51 MP: 5/5
  3024 | D:3      | Found a glowing silver altar of Zin.
  3082 | D:4      | Reached skill level 6 in Long Blades
  3098 | D:4      | Found a shimmering altar of Xom.
  3098 | D:4      | Found a radiant altar of Vehumet.
  3098 | D:4      | Found an ancient bone altar of Kikubaaqudgha.
  3172 | D:4      | Found a glowing drain.
  3181 | Sewer    | Entered a sewer
  3398 | Sewer    | Reached XP level 7. HP: 58/58 MP: 6/6
  3689 | D:4      | Noticed Menkaure
  3696 | D:4      | Killed Menkaure
  3696 | D:4      | Reached skill level 7 in Long Blades
  4287 | D:4      | Noticed Eustachio
  4303 | D:4      | Killed Eustachio
  4730 | D:5      | Entered Level 5 of the Dungeon
  4897 | D:5      | Reached XP level 8. HP: 20/67 MP: 7/7
  4909 | D:5      | Reached skill level 5 in Armour
  5144 | D:5      | Found a staircase to the Ecumenical Temple.
  5160 | D:5      | Reached skill level 8 in Long Blades
  5177 | Temple   | Entered the Ecumenical Temple
  5186 | Temple   | Became a worshipper of Cheibriados the Contemplative
  5223 | D:5      | Found a large runed translucent door.
  5223 | D:5      | Found a large runed translucent door.
  5225 | D:5      | Noticed Nelgraf's ghost (novice MiFi)
  5494 | D:5      | Found a hazy altar of Hepliaklqana.
  5590 | D:5      | Reached skill level 5 in Fighting
  5723 | D:6      | Found the +9 heavy crossbow "Sniper" {velocity, Acc+∞ SInv}
  5785 | D:6      | Reached skill level 9 in Long Blades
  5799 | D:6      | HP: 1/70 [yak (7)]
  5802 | D:6      | Gained mutation: You possess an exceptional clarity of
                  | mind. [potion of mutation]
  5802 | D:6      | Gained mutation: Your system is resistant to poisons.
                  | (rPois) [potion of mutation]
  5802 | D:6      | Gained mutation: Scrolls take you a little longer to read.
                  | [potion of mutation]
  5802 | D:6      | Gained mutation: You have an increased reservoir of magic.
                  | (+10% MP) [potion of mutation]
  5802 | D:6      | Reached * piety under Cheibriados
  5802 | D:6      | Reached XP level 9. HP: 11/75 MP: 8/8
  6031 | D:6      | Reached skill level 10 in Long Blades
  6295 | D:6      | Identified a +0 pair of boots of running (You found it on
                  | level 6 of the Dungeon)
  6483 | D:7      | Reached ** piety under Cheibriados
  6594 | D:7      | Reached skill level 11 in Long Blades
  7123 | D:8      | Got a twitching steel ring
  7125 | D:8      | Identified the ring "Adetefog" {Int+3 Dex+6} (You found it
                  | on level 8 of the Dungeon)
  7204 | D:8      | Reached *** piety under Cheibriados
  7383 | D:8      | Reached XP level 10. HP: 79/86 MP: 10/10
  7473 | D:9      | Found a staircase to the Orcish Mines.
  7550 | D:9      | Reached **** piety under Cheibriados
  7670 | D:9      | Reached skill level 12 in Long Blades
  7794 | D:9      | Noticed a two-headed ogre
  7802 | D:9      | Killed a two-headed ogre
  7895 | D:9      | Reached skill level 1 in Stealth
  8184 | D:10     | Entered Level 10 of the Dungeon
  8184 | D:10     | Found Wenitiat's Food Boutique.
  8258 | D:10     | Noticed Fannar
  8279 | D:10     | Killed Fannar
  8279 | D:10     | Reached skill level 13 in Long Blades
  8544 | D:10     | Noticed Grum
  8554 | D:10     | Killed Grum
  8556 | D:10     | Reached ***** piety under Cheibriados
  8584 | D:10     | Reached XP level 11. HP: 91/97 MP: 11/11
  9040 | D:11     | Found a staircase to the Lair.
  9080 | D:11     | Noticed a tengu warrior
  9092 | D:11     | Killed a tengu warrior
  9092 | D:11     | Reached skill level 10 in Dodging
  9166 | D:11     | Reached skill level 14 in Long Blades
  9406 | D:11     | Noticed Nergalle
  9415 | D:11     | Killed Nergalle
  9622 | Lair:1   | Entered Level 1 of the Lair of Beasts
  9664 | Lair:1   | Noticed a seven-headed hydra
  9672 | Lair:1   | Killed a seven-headed hydra
  9672 | Lair:1   | Reached skill level 10 in Fighting
 10087 | Lair:2   | Found a staircase to the Snake Pit.
 10154 | Lair:2   | Reached XP level 12. HP: 97/107 MP: 12/12
 10159 | Lair:2   | Reached ****** piety under Cheibriados
 10386 | Lair:2   | Found a staircase to the Swamp.
 10855 | Lair:3   | Found a runed translucent door.
 10857 | Lair:3   | Noticed Huasawuy's ghost (journeyman TrWz)
 10892 | Lair:3   | Found a shimmering altar of Xom.
 11027 | Lair:3   | Reached skill level 5 in Stealth
 11029 | Lair:3   | Reached skill level 15 in Long Blades
 11550 | Lair:3   | You fall through a shaft for 3 floors!
 11550 | Lair:6   | Entered Level 6 of the Lair of Beasts
 11551 | Lair:6   | Noticed a six-headed hydra
 11559 | Lair:6   | Killed a six-headed hydra
 11639 | Lair:6   | Noticed an eight-headed hydra
 11643 | Lair:6   | HP: 1/110 [eight-headed hydra (9)]
 11857 | Lair:6   | Killed an eight-headed hydra
 12265 | Lair:6   | Reached XP level 13. HP: 70/117 MP: 13/13
 12730 | Lair:6   | Noticed a dire elephant
 12730 | Lair:6   | Noticed a dire elephant
 12745 | Lair:6   | Killed a dire elephant
 12745 | Lair:6   | Reached skill level 10 in Armour
 12749 | Lair:6   | Killed a dire elephant
 12770 | Lair:6   | Got a smoking bronze ring
 12773 | Lair:6   | Identified the ring "Asoere" {Fire rPois MR+} (You found it
                  | on level 6 of the Lair of Beasts)
 12804 | Lair:6   | Noticed a dire elephant
 12816 | Lair:6   | HP: 2/118 [dire elephant (27)]
 12820 | Lair:6   | Slain by a dire elephant

Skill      XL: |  1  2  3  4  5  6  7  8  9 10 11 12 13 |
---------------+----------------------------------------+-----
Dodging        | 4 5 6 7 8 9 10 12 | 12.4
Long Blades    | 4 5 6 7 9 11 13 14 15 | 15.6
Armour         | 1 2 3 4 6 7 8 9 10 | 10.0
Fighting       | 3 4 5 7 9 10 11 12 | 12.1
Stealth        | 1 4 5 |  5.7
Throwing       | |  2.0

Action                   |  1- 3 |  4- 6 |  7- 9 | 10-12 | 13-15 || total
-------------------------+-------+-------+-------+-------+-------++-------
Melee: Long sword        |    57 |   112 |   174 |    64 |    51 ||   458
       Headbutt          |     8 |    25 |    68 |   177 |    40 ||   318
       Scimitar          |       |       |    74 |   329 |    15 ||   418
       Rapier            |       |       |       |     7 |       ||     7
Throw: Tomahawk          |       |       |     1 |     1 |       ||     2
       Throwing net      |       |       |       |     3 |       ||     3
       Javelin           |       |       |       |     2 |       ||     2
Evoke: Wand              |       |     1 |     3 |     3 |       ||     7
  Use: Scroll            |       |     6 |       |    11 |       ||    17
       Potion            |       |       |     6 |     2 |     2 ||    10
 Stab: Sleeping          |       |       |       |    15 |       ||    15
       Held in net/web   |       |       |       |     1 |       ||     1
  Eat: Chunk             |     1 |     7 |     8 |    10 |     1 ||    27
       Ration            |       |       |     1 |       |       ||     1
Armor: Leather armour    |     9 |       |       |       |       ||     9
       Ring mail         |    11 |    34 |    72 |    50 |    11 ||   178
Dodge: Dodged            |    58 |    86 |   190 |   352 |    47 ||   733
Block: Other             |       |       |       |     7 |     2 ||     9
       Rpst.: Long sword |    14 |    26 |    34 |    13 |     6 ||    93
       Scimitar          |       |       |    11 |    71 |     2 ||    84
